 Dungeon Crawl Stone Soup version 0.30.0 (webtiles) character file.

Game seed: 8149660081702771987

8661 MatthieuS the Cleaver (level 11, -3/89 HPs)
             Began as a Human Fighter on Oct 20, 2023.
             Was a High Priest of Okawaru.
             Slain by a vampire (5 damage)
             ... on level 10 of the Dungeon.
             The game lasted 00:26:26 (11542 turns).

MatthieuS the Cleaver (Human Fighter)              Turns: 11542, Time: 00:26:26

Health: -3/89      AC:  8    Str: 21    XL:     11   Next: 60%
Magic:  11/11      EV:  8    Int:  8    God:    Okawaru [*****.]
Gold:   219        SH:  0    Dex: 13    Spells: 10/10 levels left

rFire   + . .        a - +0 war axe (protect)
rCold   . . .        A - +0 kite shield
rNeg    . . .        b - +0 scale mail
rPois   +            C - +0 helmet
rElec   .            p - scarf {+Inv}
rCorr   .            (no gloves)
SInv    .            (no boots)
Will    .....        c - amulet of regeneration Stlth
                     i - ring of protection from fire
HPRegen 1.14/turn    (no ring)
MPRegen 0.12/turn

%: no passive effects
@: confused, unable to drink
A: mutation resistance 1, poison resistance, subdued magic 1, inability to drink
after injury 1
a: Renounce Religion, Evoke Invisibility, Heroism, Finesse, Duel


You were on level 10 of the Dungeon.
You worshipped Okawaru.
Okawaru was extremely pleased with you.
You visited 2 branches of the dungeon, and saw 11 of its levels.
You also visited: Ossuary.

You collected 836 gold pieces.
You spent 617 gold pieces at shops.

Inventory:

Hand Weapons
 a - a +0 war axe of protection (weapon)
 r - a +2 flail of protection
Missiles
 m - 13 poisoned darts (quivered)
Armour
 b - a +0 scale mail (worn)
 p - a scarf of invisibility (worn)
 A - a +0 kite shield (worn)
 C - a +0 helmet (worn)
Jewellery
 c - an amulet of regeneration (around neck)
 i - a ring of protection from fire (left hand)
 l - an amulet of guardian spirit
 o - an amulet of reflection
 x - a ring of flight
 z - an amulet of magic regeneration
 E - a ring of protection from cold
Wands
 d - a wand of paralysis (11)
 h - a wand of mindburst (6)
 q - a wand of roots (4)
 s - a wand of flame (20)
 F - a wand of digging (7)
Scrolls
 e - 4 scrolls of vulnerability
 f - a scroll of immolation
 n - 2 scrolls of fear {unknown}
 u - 2 scrolls of poison
 v - a scroll of magic mapping {unknown}
 y - 2 scrolls of enchant weapon
 B - 2 scrolls of amnesia
 D - a scroll of blinking {unknown}
 G - a scroll of enchant armour {unknown}
 H - 2 scrolls of teleportation
Potions
 g - 2 potions of mutation
 j - 6 potions of flight
 k - a potion of haste
 t - a potion of attraction
 w - a potion of heal wounds
 I - a potion of magic


   Skills:
 + Level 9.2 Fighting
 * Level 12.4 Axes
 + Level 5.0 Armour
 - Level 3.0 Shields
 + Level 7.6 Evocations


You had 10 spell levels left.
You didn't know any spells.
Your spell library contained the following spells:

 Spells                   Type           Power      Damage    Failure   Level
 Shock                    Conj/Air       0%         1d3       94%         1
 Slow                     Hex            0%         N/A       94%         1
 Sublimation of Blood     Necr           0%         N/A       98%         2
 Confusing Touch          Hex            0%         N/A       100%        3
 Swiftness                Air            0%         N/A       100%        3
 Vampiric Draining        Necr           0%         2d6       100%        3
 Airstrike                Air            0%         2d(0-16)  100%        4
 Petrify                  Tmut/Erth      0%         N/A       100%        4
 Irradiate                Conj/Tmut      0%         3d11      100%        5


Dungeon Overview and Level Annotations

Branches:
Dungeon (10/15)            Temple (1/1) D:7            Lair (0/5) D:9
Ossuary (visited)
    Orc: D:9-12

Altars:
Ashenzari
Hepliaklqana
Okawaru
Qazlal
Ru
Uskayaw
Wu Jian
Zin
The Shining One

Shops:
D:3 !   D:5 =*   D:7 (**(?


Innate Abilities, Weirdness & Mutations

You are somewhat resistant to further mutation.
Your system is resistant to poisons. (rPois)
Your spells are a little easier to cast, but a little less powerful.
You occasionally lose the ability to drink potions when taking damage.


Message History

You're too confused to attack without stumbling around!
You're too confused to attack without stumbling around!
You bump into the rock wall.
Something hits you. Something bites you!
Something draws strength from your injuries!
You hit something but do no damage.
You hear some strange, mumbled words.
You are more confused.
You bump into the rock wall.
Something hits you! Something bites you but does no damage.
You bump into the rock wall.
You hear some strange, mumbled words.
You are more confused.
You bump into the rock wall.
Something hits you! Something bites you but does no damage.
You miss something. Something hits you. Something bites you but does no damage.
You closely miss something.
A vampire appears from thin air!
Reactivating autopickup.
The vampire barely misses you. x2
You bump into the rock wall.
The vampire closely misses you. The vampire barely misses you.
Unknown command.
You bump into the rock wall.
The vampire misses you. The vampire bites you.
The vampire draws strength from your injuries!
You bump into the rock wall.
The vampire hits you.
* * * LOW HITPOINT WARNING * * *
The vampire bites you.
* * * LOW HITPOINT WARNING * * *
The vampire draws strength from your injuries!
You miss the vampire. The vampire hits you.
* * * LOW HITPOINT WARNING * * *
The vampire closely misses you.
You bump into the rock wall.
The vampire hits you!
You feel threatened and lose the ability to drink potions!
* * * LOW HITPOINT WARNING * * *
The vampire misses you.
You completely miss the vampire. The vampire hits you!
* * * LOW HITPOINT WARNING * * *
The vampire barely misses you.
You bump into the rock wall.
The vampire hits you.
You die...

.............#
...#####.....#
...# ###...#
...# ##.## ##.##
#.# ###.# #.#
#.#######.### #
##..........####
#
#.######.##.#V@#
# ### #####.###
###


You could see a vampire.

Vanquished Creatures
  A two-headed ogre (D:9)
  Pikel (Temple)
  Joseph (Temple)
  A troll (D:9)
  A shadow (D:5)
  21 yaks
  A steam dragon (D:7)
  Edmund (D:5)
  2 water moccasins
  4 orc warriors
  An ice beast (D:8)
  3 black bears
  An ogre (D:7)
  A phantom (D:5)
  2 centaurs
  Blork the orc (D:5)
  3 bullfrogs
  A kobold brigand (D:9)
  A gnoll sergeant (D:6)
  A scorpion (D:6)
  8 wights (D:9)
  8 killer bees
  5 hounds
  2 jellies
  7 orc priests
  7 iguanas
  9 orc wizards
  9 mummies
  7 gnolls (D:6)
  5 adders
  2 shadow imps
  A white imp (D:7)
  An ufetubus (D:5)
  A worm (D:2)
  6 dart slugs
  42 orcs
  8 endoplasms
  3 giant cockroaches
  8 goblins
  9 hobgoblins
  3 jackals (D:4)
  2 quokkas
  9 ball pythons
  6 bats
  4 frilled lizards
  4 hobgoblin zombies (Ossuary)
  15 kobolds
  2 kobold zombies (Ossuary)
  2 orc zombies (Ossuary)
  11 rats
255 creatures vanquished.

Vanquished Creatures (others)
  5 plants
5 creatures vanquished.

Grand Total: 260 creatures vanquished

Notes
Turn   | Place    | Note
-------+----------+-------------------------------------------
     0 | D:1      | MatthieuS the Human Fighter began the quest for the Orb.
     0 | D:1      | Reached XP level 1. HP: 18/18 MP: 1/1
   103 | D:1      | Reached XP level 2. HP: 9/24 MP: 2/2
   827 | D:1      | Reached XP level 3. HP: 29/29 MP: 3/3
   907 | D:1      | Reached skill level 3 in Axes
  1730 | D:2      | Reached XP level 4. HP: 31/35 MP: 4/4
  1884 | D:2      | Found a faded altar of an unknown god.
  2011 | D:3      | Found Usiag's Distillery.
  2093 | D:3      | Bought a potion of curing for 30 gold pieces
  2093 | D:3      | Bought a potion of heal wounds for 50 gold pieces
  2377 | D:3      | Reached skill level 4 in Axes
  2387 | D:3      | Reached XP level 5. HP: 42/42 MP: 5/5
  2452 | D:3      | Found a glowing golden altar of the Shining One.
  2537 | D:3      | Found a hazy altar of Hepliaklqana.
  2575 | D:3      | Found a glowing silver altar of Zin.
  3185 | D:4      | Reached XP level 6. HP: 43/48 MP: 6/6
  3202 | D:4      | Found a sand-covered staircase.
  3211 | Ossuary  | Entered an ossuary
  3308 | Ossuary  | Reached skill level 5 in Axes
  4049 | D:4      | Reached XP level 7. HP: 55/55 MP: 7/7
  4113 | D:4      | Reached skill level 6 in Axes
  4304 | D:4      | Reached skill level 5 in Fighting
  4350 | D:4      | Found an iron altar of Okawaru.
  4355 | D:4      | Became a worshipper of Warmaster Okawaru
  4522 | D:5      | Entered Level 5 of the Dungeon
  4522 | D:5      | Noticed Edmund
  4546 | D:5      | Killed Edmund
  4547 | D:5      | Reached skill level 1 in Evocations
  4606 | D:5      | Noticed Blork the orc
  4622 | D:5      | Killed Blork the orc
  4623 | D:5      | Reached XP level 8. HP: 49/62 MP: 8/8
  4639 | D:5      | Reached * piety under Okawaru
  4767 | D:5      | Found a hide-covered altar of Uskayaw.
  4800 | D:5      | Reached skill level 7 in Axes
  4863 | D:5      | Found Auomohut's Alliterative Accessories.
  4880 | D:5      | Bought a scroll of identify for 28 gold pieces
  4885 | D:5      | Identified the +9 quarterstaff of the Magic Mushroom {vamp,
                  | rF++ rCorr Int-5}
  4974 | D:5      | Noticed a shadow
  4992 | D:5      | Killed a shadow
  5204 | D:5      | Reached skill level 8 in Axes
  5390 | D:5      | Found Mauschaj's Jewellery Shop.
  5659 | D:6      | Reached XP level 9. HP: 60/69 MP: 9/9
  5820 | D:6      | Identified the +4 long sword of Contention {heavy, Dex+5}
  6458 | D:6      | Found an ornate altar of the Wu Jian Council.
  6669 | D:7      | Found Lemehaor's Assorted Antiques.
  6678 | D:7      | Bought a scroll of enchant weapon for 232 gold pieces
  6678 | D:7      | Bought a metallic grey potion for 27 gold pieces
  6698 | D:7      | Found Qetwih's Assorted Antiques.
  6713 | D:7      | Bought a helmet for 99 gold pieces
  6713 | D:7      | Bought a silvery potion for 19 gold pieces
  6713 | D:7      | Bought a scroll labelled FILUASIOGOSS for 22 gold pieces
  6713 | D:7      | Bought a notched moonstone ring for 110 gold pieces
  6747 | D:7      | Reached skill level 9 in Axes
  6844 | D:7      | Found Bezikleck's Weapon Emporium.
  6863 | D:7      | Reached ** piety under Okawaru
  6873 | D:7      | Found Zarunuh's Magic Scroll Boutique.
  6959 | D:7      | Found a staircase to the Ecumenical Temple.
  7208 | D:7      | Noticed Joseph
  7210 | D:7      | Noticed Pikel
  7232 | Temple   | Entered the Ecumenical Temple
  7323 | Temple   | Killed Pikel
  7324 | Temple   | Reached skill level 5 in Evocations
  7495 | Temple   | Killed Joseph
  7496 | Temple   | Reached skill level 10 in Axes
  7496 | Temple   | Reached XP level 10. HP: 31/73 MP: 10/10
  7923 | D:7      | Found Kifehuhi's Weapon Shop.
  8258 | D:7      | Reached *** piety under Okawaru
  8696 | D:8      | Reached skill level 11 in Axes
  9033 | D:8      | Identified the +8 hand axe "Woke Soi" {spect, *Slow rN+++
                  | rCorr Stlth+}
  9398 | D:8      | Reached XP level 11. HP: 18/87 MP: 11/11
 10284 | D:9      | Reached **** piety under Okawaru
 10471 | D:9      | Reached skill level 12 in Axes
 10511 | D:9      | Found a staircase to the Lair.
 10766 | D:9      | Noticed a two-headed ogre
 10801 | D:8      | Gained mutation: Your body sometimes deteriorates upon
                  | taking damage. [potion of mutation]
 10801 | D:8      | Gained mutation: Your spells are a little easier to cast,
                  | but a little less powerful. [potion of mutation]
 10801 | D:8      | Gained mutation: You occasionally lose the ability to drink
                  | potions when taking damage. [potion of mutation]
 10801 | D:8      | Gained mutation: You are resistant to electric shocks.
                  | (rElec) [potion of mutation]
 10802 | D:8      | Lost mutation: You are resistant to electric shocks.
                  | (rElec) [potion of mutation]
 10802 | D:8      | Lost mutation: You occasionally lose the ability to drink
                  | potions when taking damage. [potion of mutation]
 10802 | D:8      | Lost mutation: Your body sometimes deteriorates upon taking
                  | damage. [potion of mutation]
 10802 | D:8      | Gained mutation: Your system is resistant to poisons.
                  | (rPois) [potion of mutation]
 10802 | D:8      | Gained mutation: You occasionally lose the ability to drink
                  | potions when taking damage. [potion of mutation]
 10802 | D:8      | Gained mutation: You are somewhat resistant to further
                  | mutation. [potion of mutation]
 10897 | D:9      | Killed a two-headed ogre
 10897 | D:9      | Reached ***** piety under Okawaru
 11053 | D:9      | Reached skill level 5 in Armour
 11254 | D:9      | Found a sacrificial altar of Ru.
 11398 | D:10     | Entered Level 10 of the Dungeon
 11541 | D:10     | HP: 1/89 [vampire (9)]
 11542 | D:10     | Slain by a vampire

Illustrated notes

Levels and vault maps discovered:
D:1:      lightli_arrival_maybe_door_vault, layout_basic
D:2:      layout_loops_ring, dilly_ecumenical_altar_fadedgnrine
D:3:      layout_loops_ring, marbit_many_paths, general_overflow_altar,
          zin_statuary, serial_shops, nicolae_shop_crystal
D:4:      cheibrodos_old_hovel, layout_loops_corners,
          hellmonk_okawaru_the_only_friend_you_need, gup_ossuary_entry_pyramid,
          serial_park_tiny_2, nicolae_figureground_pulse
D:5:      layout_cave_pools, mainiacjoe_overflow_24_doors, serial_rivers,
          chequers_serial_rivers_micro_a, chequers_serial_rivers_room_b,
          chequers_serial_rivers_small_b, chequers_serial_rivers_small_3,
          chequers_serial_rivers_micro_e, chequers_serial_rivers_micro_d,
          serial_shops, nicolae_shop_tiny_real_fake_doors,
          nicolae_alphabet_shops, uniq_edmund, uniq_blork_the_orc
D:6:      layout_loops_cross, nzn_wu_jian_council_hall, bh_walls_and_bars
D:7:      layout_cave_pods, minmay_temple_entry_drinking_statues, serial_shops,
          nicolae_shop_tiny_real_fake_doors, shop,
          nicolae_shop_overgrown_old_shop, shop, nicolae_shop_trees,
          uniq_joseph, uniq_pikel
D:8:      layout_basic
D:9:      layout_roguey, nicolae_ru_the_path_less_chosen, lair_entry_dummy
D:10:     layout_layer_cave, yredelemnul_forgotten_temple_becter, minitemple,
          minmay_orc_entry_guard_dogs, enter_bailey_1, uniq_maggie
Temple:   nicolae_temple_bog_church

Skill      XL: |  1  2  3  4  5  6  7  8  9 10 11 |
---------------+----------------------------------+-----
Axes           | 3 4 5 6 8 10 11 12 | 12.4
Fighting       | 4 5 6 7 8 9 |  9.2
Evocations     | 1 3 5 6 7 |  7.6
Armour         | 5 |  5.0
Shields        | |  3.0

Action                     |  1- 3 |  4- 6 |  7- 9 | 10-12 || total
---------------------------+-------+-------+-------+-------++-------
  Melee: War axe           |   114 |   183 |   295 |   338 ||   930
         Long sword        |       |       |    13 |       ||    13
  Throw: Dart              |       |       |       |     2 ||     2
 Invoke: Heroism           |       |       |     4 |     4 ||     8
  Evoke: Wand              |       |       |       |     1 ||     1
    Use: Scroll            |       |     4 |    11 |     2 ||    17
         Potion            |       |     1 |     6 |     9 ||    16
   Stab: Paralysed         |       |       |       |     1 ||     1
 Armour: Scale mail        |    43 |    78 |   166 |   161 ||   448
         Skin              |       |       |    12 |       ||    12
  Dodge: Dodged            |    52 |    85 |   155 |   143 ||   435
  Block: Buckler           |    22 |    40 |    81 |    34 ||   177
         Kite shield       |       |       |       |   103 ||   103
